 Dungeon Crawl Stone Soup version 0.29.0-11-gd7f09526c8 (webtiles) character file.

Game seed: 15957914017350397679

119 iguanaiguana the Covered (level 4, -1/41 HPs)
             Began as a Minotaur Fighter on Sept 6, 2022.
             Slain by a gnoll
             ... wielding a +0 spear
              (7 damage)
             ... on level 3 of the Dungeon.
             The game lasted 00:01:13 (1626 turns).

iguanaiguana the Covered (Minotaur Fighter)         Turns: 1626, Time: 00:01:14

Health: -1/41      AC:  8    Str: 23    XL:     4   Next: 74%
Magic:  3/3        EV:  9    Int:  5    God:
Gold:   114        SH:  4    Dex:  9    Spells: 3/3 levels left

rFire   . . .      SeeInvis .   a - +0 war axe
rCold   . . .      Faith    .   c - +0 buckler
rNeg    . . .      Spirit   .   b - +0 scale mail
rPois   .          Reflect  .   l - +0 hat
rElec   .          Harm     .   (no cloak)
rCorr   .          Rampage  .   (no gloves)
Will    .....                   r - +0 pair of boots
Stlth   ..........              (no amulet)
HPRegen 0.13/turn               (no ring)
MPRegen 0.08/turn               (no ring)

@: mighty
A: horns 2, retaliatory headbutt
a: no special abilities


You were on level 3 of the Dungeon.
You visited 1 branch of the dungeon, and saw 3 of its levels.

You collected 114 gold pieces.

Inventory:

Hand Weapons
 a - a +0 war axe (weapon)
Missiles
 n - 6 poisoned darts (quivered)
Armour
 b - a +0 scale mail (worn)
 c - a +0 buckler (worn)
 l - a +0 hat (worn)
 r - a +0 pair of boots (worn)
Scrolls
 e - 5 scrolls of identify {unknown}
 f - a scroll of teleportation {unknown}
 h - a scroll of poison {unknown}
 j - a scroll of enchant armour {unknown}
 k - a scroll of blinking {unknown}
 m - a scroll of fear {unknown}
 p - a scroll of immolation {unknown}
 q - a scroll of enchant weapon {unknown}
Potions
 g - a potion of curing {unknown}
 i - a potion of resistance {unknown}
 o - a potion of brilliance {unknown}


   Skills:
 + Level 4.3 Fighting
 * Level 4.3 Axes
 + Level 4.4 Armour
 + Level 4.3 Shields


You had 3 spell levels left.
You didn't know any spells.
Your spell library was empty.

Dungeon Overview and Level Annotations

Branches:
Dungeon (3/15) Zot: 16348

Altars:
Kikubaaqudgha


Innate Abilities, Weirdness & Mutations

You have a pair of horns on your head.
You reflexively headbutt those who attack you in melee.


Message History

You are too injured to fight recklessly!
You are too injured to fight recklessly!
You are too injured to fight recklessly!
You are too injured to fight recklessly!
You are too injured to fight recklessly!
You are too injured to fight recklessly!
You are too injured to fight recklessly!
You are too injured to fight recklessly!
You are too injured to fight recklessly!
You barely miss the gnoll.
The gnoll is severely wounded.
You kill the gnoll!
You barely miss the gnoll.
The gnoll is lightly wounded.
You slice the gnoll!!
You kill the gnoll!
You hit the adder.
The adder is heavily wounded.
You miss the adder.
The adder is heavily wounded.
The gnoll hits you from afar with a +0 spear.
* * * LOW HITPOINT WARNING * * *
You hit the adder.
The adder is almost dead.
You kill the adder!
You barely miss the gnoll.
The gnoll is severely wounded.
The gnoll hits you with a +0 club.
* * * LOW HITPOINT WARNING * * *
You barely miss the gnoll.
The gnoll is severely wounded.
The gnoll hits you with a +0 club.
* * * LOW HITPOINT WARNING * * *
You slash the gnoll!
You kill the gnoll!
Items here: ))) †††.
You hit the gnoll.
The gnoll is moderately wounded.
The gnoll hits you with a +0 spear!
You die...

.....# ....# ##########
.... #........# #..#
#.######.# #.†# #.#### #.#
.[ #####g.# #....# #.#
...+......# #.##.# #.#
#.....#####'#####.##.# #.#
....>.......g@..#..#.# #.#
#.#.##......##.#....###.#
#...........##..........#
###.#..#......####....#####
...........<............#
### #......#.#........###.#
... +........#.####...# #.#
.# #.†††...##.# #...# #.#
.# #...†#..##.#####(.# #.#


You could see a gnoll.

Vanquished Creatures
  A jelly (D:3)
  2 adders
  3 gnolls (D:3)
  A dart slug (D:1)
  3 bats
  4 endoplasms (D:1)
  2 giant cockroaches (D:1)
  4 goblins
  4 hobgoblins
  4 jackals (D:3)
  2 kobolds
  A quokka (D:3)
  A ball python (D:2)
  2 frilled lizards
  4 rats
38 creatures vanquished.

Notes
Turn   | Place    | Note
-------+----------+-------------------------------------------
     0 | D:1      | iguanaiguana the Minotaur Fighter began the quest for the
                  | Orb.
     0 | D:1      | Reached XP level 1. HP: 19/19 MP: 0/0
   328 | D:1      | Reached XP level 2. HP: 27/27 MP: 1/1
   838 | D:2      | Found an ancient bone altar of Kikubaaqudgha.
   927 | D:2      | Reached XP level 3. HP: 33/33 MP: 2/2
  1516 | D:3      | Reached XP level 4. HP: 35/40 MP: 3/3
  1626 | D:3      | Slain by a gnoll

Illustrated notes

Levels and vault maps discovered:
D:1:      minmay_arrival_arboretum_small, layout_rooms
D:2:      layout_basic, basic_altar
D:3:      layout_basic, minmay_joined_circles

Skill      XL: |  1  2  3  4 |
---------------+-------------+-----
Axes           | 3 4 |  4.3
Fighting       | 4 |  4.3
Armour         | 4 |  4.4
Shields        | 4 |  4.3

Action                   |  1- 3 |  4- 6 || total
-------------------------+-------+-------++-------
Melee: War axe           |    53 |    12 ||    65
       Headbutt          |    11 |       ||    11
  Use: Potion            |       |     1 ||     1
Armor: Scale mail        |    15 |    19 ||    34
Dodge: Dodged            |    25 |    10 ||    35
Block: Buckler           |    10 |     2 ||    12
